 Dungeon Crawl Stone Soup version 0.30-a0-986-g7f2e898f52 (webtiles) character file.

Game seed: 16701794906909063659

293 bande the Chopper (level 6, 0/38 HPs)
             Began as a Gargoyle Fighter on Apr 2, 2023.
             Shot with an arrow by a centaur (7 damage)
             ... on level 7 of the Dungeon.
             The game lasted 00:06:28 (2597 turns).

bande the Chopper (Gargoyle Fighter)                Turns: 2597, Time: 00:06:29

Health: 0/38       AC: 12    Str: 20    XL:     6   Next: 33%
Magic:  6/6        EV:  7    Int:  8    God:
Gold:   289        SH:  9    Dex: 11    Spells: 5/5 levels left

rFire   . . .      SeeInvis .    a - +1 war axe
rCold   . . .      Faith    .    c - +0 buckler
rNeg    + . .      Spirit   .    j - +0 chain mail
rPois   ∞          Reflect  +    r - +0 helmet
rElec   +          Rampage  .    f - +0 cloak
rCorr   .                        (no gloves)
Will    .....                    (no boots) Stlth
                                 h - amulet of reflection
HPRegen 0.26/turn                (no ring)
MPRegen 0.10/turn                (no ring)

@: corroded
A: sickness immunity, AC +4, negative energy resistance 1, electricity
resistance, torment resistance 1, petrification resistance
a: no special abilities


You were on level 7 of the Dungeon.
You visited 1 branch of the dungeon, and saw 5 of its levels.

You collected 301 gold pieces.
You spent 12 gold pieces at shops.

Inventory:

Hand Weapons
 a - a +1 war axe (weapon)
 n - a +0 flail
Armour
 c - a +0 buckler (worn)
 f - a +0 cloak (worn)
 j - a +0 chain mail (worn)
 r - a +0 helmet (worn)
Jewellery
 h - an amulet of reflection (around neck)
Wands
 p - a wand of roots (2)
Scrolls
 b - 3 scrolls of amnesia
 g - 2 scrolls of blinking
 l - a scroll of identify
 o - 3 scrolls of teleportation
 q - a scroll of enchant weapon
Potions
 d - a potion of might
 e - 2 potions of haste
 i - a potion of mutation
 k - a potion of curing
 m - a potion of invisibility
 s - a potion of heal wounds {unknown}


   Skills:
 + Level 4.1 Fighting
 + Level 4.5 Axes
 + Level 4.1 Armour
 + Level 4.2 Shields


You had 5 spell levels left.
You didn't know any spells.
Your spell library was empty.

Dungeon Overview and Level Annotations

Branches:
Dungeon (7/15)
 Temple: D:4-7

Altars:
Gozag
Sif Muna

Shops:
D:3 :*:(*


Innate Abilities, Weirdness & Mutations

You are immune to sickness and miasma.
Your stone body is resilient. (AC +4)
You are immune to poison.
You resist negative energy. (rN+)
You are resistant to electric shocks. (rElec)
You are resistant to unholy torment.
You are immune to petrification.


Message History

A jelly and an ufetubus come into view.
You block the ufetubus's attack. x2
You slash the ufetubus!
You kill the ufetubus!
A centaur comes into view.
Found a flail.
The centaur shouts!
The centaur wields a +0 shortbow.
The centaur shoots an arrow.
The arrow hits you.
A centaur comes into view.
The jelly hits you but does no damage.
The centaur shouts!
You hit the jelly. The acid corrodes you!
Your hands burn!
The jelly is lightly wounded.
The centaur wields a +0 shortbow.
The centaur shoots an arrow.
The arrow barely misses you. You block the jelly's attack.
The centaur shoots an arrow.
The arrow closely misses you.
Unknown command.
You hit the jelly.
Your hands burn!
The jelly is moderately wounded.
The centaur shoots an arrow.
The arrow hits you but does no damage.
The centaur shoots an arrow.
The arrow hits you. The jelly closely misses you.
The centaur shoots an arrow.
The arrow hits you but does no damage. You block the jelly's attack.
Unknown command.
You hit the jelly.
Your hands burn!
The jelly is severely wounded.
The jelly hits you but does no damage.
The centaur shoots an arrow.
The arrow closely misses you.
You hear an angry hiss.
Unknown command.
You slash the jelly!
You kill the jelly!
The centaur shoots an arrow.
The arrow barely misses you.
The centaur shoots an arrow.
The arrow hits you!
The centaur shoots an arrow.
The arrow hits you!
* * * LOW HITPOINT WARNING * * *
The centaur shoots an arrow.
The arrow closely misses you.
The centaur shoots an arrow.
The arrow hits you!
You die...

##... .... #.#. #...
....). ... ##..#....
#..##...##..... ##
#...##c##......
#..#..............
#....<@..........
##.............# ##
#.............## ...
#.....##........#....
#......#..........#
##................##?
#...###.$...........
#.... #..........##.
.... #......)....#


You could see a centaur.

Vanquished Creatures
  A hound (D:4)
  A jelly (D:7)
  Natasha (thrice) (D:2)
  Robin (D:3)
  4 adders
  An ufetubus (D:7)
  A worm (D:3)
  2 dart slugs
  6 orcs
  6 ball pythons
  6 endoplasms
  5 giant cockroaches
  12 goblins
  10 hobgoblins
  5 kobolds
  5 quokkas
  7 bats
  8 frilled lizards
  11 rats
95 creatures vanquished.

Notes
Turn   | Place    | Note
-------+----------+-------------------------------------------
     0 | D:1      | bande the Gargoyle Fighter began the quest for the Orb.
     0 | D:1      | Reached XP level 1. HP: 14/14 MP: 1/1
   130 | D:1      | Reached XP level 2. HP: 19/19 MP: 2/2
   299 | D:1      | Reached XP level 3. HP: 24/24 MP: 3/3
   576 | D:2      | Noticed Natasha
   591 | D:2      | Killed Natasha
   592 | D:2      | Reached XP level 4. HP: 20/29 MP: 4/4
   763 | D:2      | Noticed Natasha
   773 | D:2      | Killed Natasha
   792 | D:2      | Reached XP level 5. HP: 20/33 MP: 5/5
   964 | D:2      | Noticed Natasha
   970 | D:2      | Killed Natasha
  1178 | D:2      | Found a faded altar of an unknown god.
  1474 | D:3      | Found Hutran's General Store.
  1478 | D:3      | Bought a potion of degeneration for 12 gold pieces
  1549 | D:3      | Found Pojoj's Assorted Antiques.
  1562 | D:3      | Noticed Robin
  1575 | D:3      | Killed Robin
  1734 | D:3      | Found Zeyqilos's Book Emporium.
  1915 | D:3      | Found Mutoom's Antique Weapon Emporium.
  1989 | D:3      | Found Ikaus's Book Shop.
  2017 | D:3      | Found a shimmering blue altar of Sif Muna.
  2063 | D:3      | Found an opulent altar of Gozag.
  2550 | D:4      | Reached XP level 6. HP: 38/38 MP: 6/6
  2585 | D:4      | You fall into a shaft and drop 3 floors!
  2597 | D:7      | Shot with an arrow by a centaur

Illustrated notes

Levels and vault maps discovered:
D:1:      sevenhm_arrival_forest_fort_large_2, layout_rooms,
          chequers_mini_garden
D:2:      layout_basic, hellmonk_ecumenical_altar_prayer_group,
          dreamdust_wishing_well, st_stairs_8, minmay_lizard_pond, uniq_natasha
D:3:      layout_basic, mainiacjoe_overflow_six_doors_small,
          amcnicky_altar_gilded, serial_curves, eino_curves_02, eino_curves_04,
          serial_shops, nicolae_shop_crystal, shop, nicolae_shop_statue_plus,
          nicolae_shop_hallway_stairs, nicolae_diamond_shop,
          grunt_decor_mini_mirrors, uniq_robin
D:4:      layout_loops_ring, minmay_temple_entry_hall,
          cheibrodos_sewer_entry_bend, serial_forest, infiniplex_forest_lined_3,
          infiniplex_forest_straight_1, infiniplex_forest_end_2,
          infiniplex_forest_straight_4, infiniplex_forest_straight_5,
          infiniplex_forest_clump_small, infiniplex_forest_end_double
D:7:      cheibrodos_steamvent, layout_cave_pools, makhleb_altar_promises_db,
          nzn_hepliaklqana_mist_gate, nrook_loot_triangle,
          chequers_serial_rivers_micro_c, minmay_manual_mares, uniq_joseph

Skill      XL: |  1  2  3  4  5 |
---------------+----------------+-----
Axes           | 2 3 4 |  4.5
Fighting       | 4 |  4.1
Shields        | 4 |  4.2
Armour         | 4 |  4.1

Action                     |  1- 3 |  4- 6 || total
---------------------------+-------+-------++-------
  Melee: War axe           |    82 |   157 ||   239
    Use: Scroll            |     6 |     8 ||    14
 Armour: Scale mail        |    28 |       ||    28
         Chain mail        |    22 |   119 ||   141
  Dodge: Dodged            |    44 |    59 ||   103
  Block: Buckler           |    45 |   101 ||   146
         Reflection        |       |     1 ||     1

Table legend: (Time is in decaauts)
 A = Elapsed time spent in this place.
 B = Non-inter-level travel time spent in this place.
 C = Inter-level travel time spent in this place.
 D = Time resting spent in this place.
 E = Time spent auto-exploring this place.
 F = Levels seen in this place.
 G = Mean time per level.
                   A        B        C        D        E       F      G
               +--------+--------+--------+--------+--------+-----+--------+
         Total |   2686 |   2686 |      0 |    260 |   1708 |   5 |  537.2 |
       Dungeon |   2686 |   2686 |      0 |    260 |   1708 |   5 |  537.2 |
               +--------+--------+--------+--------+--------+-----+--------+

Top non-repeatable levels by time:
     D:3: 1081 daAuts
     D:2: 931 daAuts
     D:1: 604 daAuts
     D:4: 56 daAuts
     D:7: 13 daAuts
